NCAA
FLORIDA STATE SEMINOLES @ BOSTON COLLEGE EAGLES
05/17/2030
 
TOP OF THE 1ST
Florida State Seminoles batting - Pitching for Boston College Eagles : RHP Dave White
Pitching: RHP Dave White
Batting: LHB Jeff Stevens 0-0: Called Strike
0-1: Fly out, F4 (Popup, 4D)
Batting: LHB Millard Myers 0-0: Ball
1-0: Ball
2-0: Ball
3-0: Base on Balls
Batting: LHB Connor Moss 0-0: SINGLE (Line Drive, 8RS)
Millard Myers to second
Batting: RHB Bill Rice 0-0: Foul Ball, location: 2F
0-1: Foul Ball, location: 2F
0-2: Strikes out swinging
Batting: RHB Quentin Underwood 0-0: Ball
1-0: Ball
2-0: Ball
3-0: Called Strike
3-1: Called Strike
3-2: Strikes out swinging
Top of the 1st over - 0 runs, 1 hit, 0 errors, 2 left on base; Florida State 0 - Boston College 0
BOTTOM OF THE 1ST
Boston College Eagles batting - Pitching for Florida State Seminoles : RHP Dale Kelley
Pitching: RHP Dale Kelley
Batting: RHB Johnny Robertson 0-0: Foul Ball, location: 2F
0-1: Reached on error, E4 (Groundball, 4M)
Batting: LHB Porter Butler 0-0: Ball
1-0: Fly out, F7 (Flyball, 78M)
Batting: SHB Marvin MacGeoch 0-0: Ball
1-0: Ball
2-0: Ball
3-0: Called Strike
3-1: Base on Balls
Johnny Robertson to second
Batting: RHB Steve Neal 0-0: Called Strike
0-1: Grounds into double play, 4-6-3 (Groundball, 4)
Bottom of the 1st over - 0 runs, 0 hits, 1 error, 1 left on base; Florida State 0 - Boston College 0
TOP OF THE 2ND
Florida State Seminoles batting - Pitching for Boston College Eagles : RHP Dave White
Batting: RHB António Costello 0-0: Ball
1-0: Bunted foul
1-1: Ball
2-1: Fly out, F9 (Flyball, 89D)
Batting: RHB Harry Ray 0-0: Swinging Strike
0-1: Fly out, F8 (Flyball, 8RM)
Batting: RHB Gil Olson 0-0: Fly out, F8 (Flyball, 89M)
Top of the 2nd over - 0 runs, 0 hits, 0 errors, 0 left on base; Florida State 0 - Boston College 0
BOTTOM OF THE 2ND
Boston College Eagles batting - Pitching for Florida State Seminoles : RHP Dale Kelley
Batting: SHB Walt Gómez 0-0: Ball
1-0: Ball
2-0: Called Strike
2-1: Called Strike
2-2: Ball
3-2: Base on Balls
Batting: RHB Fernando Rosales 0-0: Ball
1-0: Ball
2-0: Ball
3-0: Base on Balls
Walt Gómez to second
Batting: SHB Héctor Arteago 0-0: Foul Ball, location: 2F
0-1: Ball
1-1: SINGLE (Line Drive, 56)
Walt Gómez to third
Fernando Rosales to second
Runner from 3rd tries for Home, SAFE, throw made home
Batting: RHB Shawn Hanner 0-0: Called Strike
0-1: Ball
1-1: Swinging Strike
1-2: Strikes out swinging
Batting: RHB Chris West 0-0: Called Strike
0-1: Ball
1-1: Foul Ball, location: 2F
1-2: Ball
2-2: Fly out, F5 (Line Drive, 5S)
Batting: RHB Johnny Robertson 0-0: Ball
1-0: Ball
2-0: Called Strike
2-1: Ball
3-1: Called Strike
3-2: Foul Ball, location: 2F
3-2: Foul Ball, location: 2F
3-2: Base on Balls
Fernando Rosales to third
Héctor Arteago to second
Batting: LHB Porter Butler 0-0: Fielders Choice at 2nd, 5-4 (Groundball, 5)
Bottom of the 2nd over - 1 run, 1 hit, 0 errors, 3 left on base; Florida State 0 - Boston College 1
TOP OF THE 3RD
Florida State Seminoles batting - Pitching for Boston College Eagles : RHP Dave White
Batting: LHB Milton MacEwen 0-0: Called Strike
0-1: SINGLE (Groundball, 4D)
Batting: LHB Jeff Stevens 0-0: Called Strike
0-1: Ball
1-1: Foul Ball, location: 2F
1-2: Ball
2-2: Strikes out swinging
Batting: LHB Millard Myers 0-0: Ball
1-0: SINGLE (Line Drive, 4D)
Milton MacEwen to second
Batting: LHB Connor Moss 0-0: Fly out, F4 (Popup, 4)
Batting: RHB Bill Rice 0-0: Ground out 5-3 (Groundball, 5S)
Top of the 3rd over - 0 runs, 2 hits, 0 errors, 2 left on base; Florida State 0 - Boston College 1
BOTTOM OF THE 3RD
Boston College Eagles batting - Pitching for Florida State Seminoles : RHP Dale Kelley
Batting: SHB Marvin MacGeoch 0-0: DOUBLE (Line Drive, 78D)
Batting: RHB Steve Neal 0-0: Fly out, F5 (Popup, 5SF)
Batting: SHB Walt Gómez 0-0: Ground out U3 (Groundball, 34)
Marvin MacGeoch to third
Batting: RHB Fernando Rosales 0-0: Ball
1-0: Swinging Strike
1-1: Ball
2-1: Ball
3-1: Base on Balls
Batting: SHB Héctor Arteago 0-0: Ball
1-0: Swinging Strike
1-1: Called Strike
1-2: Foul Ball, location: 2F
1-2: Ball
2-2: Foul Ball, location: 2F
2-2: Ball
3-2: SINGLE (Groundball, 3D)
Marvin MacGeoch scores
Fernando Rosales to second
Fernando Rosales to third
Batting: RHB Shawn Hanner 0-0: Swinging Strike
0-1: Ball
1-1: Foul Ball, location: 2F
1-2: Ball
2-2: Foul Ball, location: 2F
2-2: Ball
3-2: Foul Ball, location: 2F
3-2: Reached on error, E5 (Groundball, 5L)
Fernando Rosales scores
Héctor Arteago to second
Batting: RHB Chris West 0-0: Ball
1-0: SINGLE (Groundball, 6D)
Héctor Arteago to third
Shawn Hanner to second
Runner from 3rd tries for Home, SAFE, no throw
Batting: RHB Johnny Robertson 0-0: Called Strike
0-1: Ball
1-1: Ball
2-1: SINGLE (Groundball, 6MD)
Shawn Hanner to third
Chris West to second
Runner from 3rd tries for Home, throw and OUT!
Bottom of the 3rd over - 3 runs, 4 hits, 1 error, 2 left on base; Florida State 0 - Boston College 4
TOP OF THE 4TH
Florida State Seminoles batting - Pitching for Boston College Eagles : RHP Dave White
Batting: RHB Quentin Underwood 0-0: Ball
1-0: Foul Ball, location: 2F
1-1: Fly out, F3 (Popup, 34S)
Batting: RHB António Costello 0-0: SINGLE (Line Drive, 56)
Batting: RHB Harry Ray 0-0: Ball
1-0: Fly out, F9 (Flyball, 9LSF)
Batting: RHB Gil Olson 0-0: Foul Ball, location: 2F
0-1: Called Strike
0-2: Foul Ball, location: 2F
0-2: Ball
1-2: Ball
2-2: SINGLE (Line Drive, 34D)
António Costello to second
Batting: LHB Milton MacEwen 0-0: Foul Ball, location: 2F
0-1: SINGLE (Groundball, 56D)
António Costello to third
Gil Olson to second
Throwing error, E7
António Costello scores
Gil Olson to third
Milton MacEwen to second
Batting: LHB Jeff Stevens 0-0: Called Strike
0-1: Swinging Strike
0-2: Foul Ball, location: 2F
0-2: Foul Ball, location: 2F
0-2: Foul Ball, location: 2F
0-2: Ball
1-2: Strikes out looking
Top of the 4th over - 1 run, 3 hits, 1 error, 2 left on base; Florida State 1 - Boston College 4
BOTTOM OF THE 4TH
Boston College Eagles batting - Pitching for Florida State Seminoles : RHP Dale Kelley
Batting: LHB Porter Butler 0-0: Called Strike
0-1: Ball
1-1: Ball
2-1: Fly out, F1 (Popup, 15)
Batting: SHB Marvin MacGeoch 0-0: SINGLE (Groundball, 4MD)
Batting: RHB Steve Neal 0-0: Ball
1-0: Called Strike
1-1: Foul Ball, location: 2F
1-2: Ball
2-2: Foul Ball, location: 2F
2-2: Foul Ball, location: 2F
2-2: Foul Ball, location: 2F
2-2: SINGLE (Flyball, 34D)
Marvin MacGeoch to second
Runner from 2nd tries for 3rd, SAFE, no throw
Pitching: LHP Rick Wolf
Batting: SHB Walt Gómez 0-0: Called Strike
0-1: Ball
1-1: Foul Ball, location: 2F
1-2: Ball
2-2: Fly out, F8 (Flyball, 89D)
Runner from 3rd tags up, SCORES, no throw
Batting: RHB Fernando Rosales 0-0: Ball
Steve Neal steals 2nd base
1-0: Foul Ball, location: 2F
1-1: Ball
2-1: Ball
3-1: SINGLE (Groundball, 56S) (infield hit)
Steve Neal to third
Batting: SHB Héctor Arteago 0-0: Ball
1-0: Called Strike
1-1: SINGLE (Line Drive, 34D)
Steve Neal scores
Fernando Rosales to second
Batting: RHB Shawn Hanner 0-0: Ball
1-0: Foul Ball, location: 2F
1-1: Foul Ball, location: 2F
1-2: Hit by Pitch
Fernando Rosales to third
Héctor Arteago to second
Batting: RHB Chris West 0-0: Ball
1-0: Called Strike
1-1: Ball
2-1: SINGLE (Line Drive, 8LS)
Fernando Rosales scores
Héctor Arteago to third
Shawn Hanner to second
Runner from 3rd tries for Home, SAFE, no throw
Pitching: RHP Fernando Mata
Batting: RHB Johnny Robertson 0-0: Ball
1-0: Ball
2-0: Ball
3-0: Base on Balls
Shawn Hanner to third
Chris West to second
Batting: LHB Porter Butler 0-0: Ground out U3 (Groundball, 3)
Bottom of the 4th over - 4 runs, 5 hits, 0 errors, 3 left on base; Florida State 1 - Boston College 8
TOP OF THE 5TH
Florida State Seminoles batting - Pitching for Boston College Eagles : RHP Dave White
Batting: LHB Millard Myers 0-0: Swinging Strike
0-1: Foul Ball, location: 2F
0-2: Strikes out looking
Batting: LHB Connor Moss 0-0: Called Strike
0-1: Foul Ball, location: 2F
0-2: Ball
1-2: Strikes out looking
Batting: RHB Bill Rice 0-0: Called Strike
0-1: Ball
1-1: Ball
2-1: Fly out, F1 (Popup, P)
Top of the 5th over - 0 runs, 0 hits, 0 errors, 0 left on base; Florida State 1 - Boston College 8
BOTTOM OF THE 5TH
Boston College Eagles batting - Pitching for Florida State Seminoles : RHP Fernando Mata
Batting: SHB Marvin MacGeoch 0-0: Ball
1-0: Ball
2-0: Ground out 5-3 (Groundball, 56)
Batting: RHB Steve Neal 0-0: Called Strike
0-1: Foul Ball, location: 2F
0-2: Ground out 6-3 (Groundball, 6S)
Batting: SHB Walt Gómez 0-0: Ball
1-0: Ball
2-0: Ball
3-0: Called Strike
3-1: SINGLE (Groundball, 56) (infield hit)
Batting: RHB Fernando Rosales 0-0: Called Strike
0-1: Called Strike
0-2: Ball
1-2: Strikes out looking
Bottom of the 5th over - 0 runs, 1 hit, 0 errors, 1 left on base; Florida State 1 - Boston College 8
TOP OF THE 6TH
Florida State Seminoles batting - Pitching for Boston College Eagles : RHP Dave White
Batting: RHB Quentin Underwood 0-0: Ball
1-0: DOUBLE (Line Drive, 9LM)
Batting: RHB António Costello 0-0: SINGLE (Groundball, 25) (infield hit)
Quentin Underwood to third
Batting: RHB Harry Ray 0-0: Foul Ball, location: 2F
0-1: Swinging Strike
0-2: Ball
1-2: Ball
2-2: Foul Ball, location: 2F
2-2: Foul Ball, location: 2F
2-2: Foul Ball, location: 2F
2-2: Strikes out looking
Batting: RHB Gil Olson 0-0: Ball
1-0: Grounds into double play, 6-4-3 (Groundball, 6)
Top of the 6th over - 0 runs, 2 hits, 0 errors, 1 left on base; Florida State 1 - Boston College 8
BOTTOM OF THE 6TH
Boston College Eagles batting - Pitching for Florida State Seminoles : RHP Fernando Mata
Batting: SHB Héctor Arteago 0-0: Ball
1-0: Foul Ball, location: 2F
1-1: Ball
2-1: Foul Ball, location: 2F
2-2: Foul Ball, location: 2F
2-2: Ball
3-2: Foul Ball, location: 2F
3-2: Base on Balls
Batting: RHB Shawn Hanner 0-0: Ball
Passed Ball!
Héctor Arteago to second
1-0: Ball
2-0: Called Strike
2-1: Called Strike
2-2: Ground out 4-3 (Groundball, 4)
Héctor Arteago to third
Batting: RHB Chris West 0-0: Ball
1-0: Ball
2-0: Ball
3-0: Base on Balls
Batting: RHB Johnny Robertson 0-0: Ball
1-0: Called Strike
1-1: Called Strike
1-2: Foul Ball, location: 2F
1-2: Ball
Chris West steals 2nd base
2-2: Strikes out swinging
Batting: LHB Porter Butler 0-0: Foul Ball, location: 2F
0-1: Ball
1-1: Ball
2-1: SINGLE (Groundball, 4) (infield hit)
Héctor Arteago scores
Chris West to third
Batting: SHB Marvin MacGeoch 0-0: Ball
1-0: Ground out 4-3 (Groundball, 4S)
Bottom of the 6th over - 1 run, 1 hit, 0 errors, 2 left on base; Florida State 1 - Boston College 9
TOP OF THE 7TH
Florida State Seminoles batting - Pitching for Boston College Eagles : RHP Dave White
Batting: LHB Milton MacEwen 0-0: Called Strike
0-1: Ball
1-1: Foul Ball, location: 2F
1-2: Ball
2-2: Strikes out swinging, 2-3 out at first.
Pitching: RHP David Hesketh
Batting: LHB Jeff Stevens 0-0: Called Strike
0-1: Ball
1-1: Ball
2-1: SOLO HOME RUN (Flyball, 9LD), Distance : 318 ft
Batting: LHB Millard Myers 0-0: Called Strike
0-1: Ball
1-1: Ball
2-1: Ball
3-1: DOUBLE (Flyball, 8RXD)
Batting: LHB Connor Moss 0-0: Ball
1-0: SINGLE (Groundball, 4D)
Millard Myers to third
Batting: RHB Bill Rice 0-0: Ball
1-0: Ball
2-0: Called Strike
2-1: Called Strike
2-2: Ball
3-2: Fly out, F9 (Flyball, 89S)
Batting: RHB Quentin Underwood 0-0: Ball
1-0: Ball
2-0: Called Strike
2-1: Ball
3-1: Foul Ball, location: 2F
3-2: Base on Balls
Connor Moss to second
Batting: RHB António Costello 0-0: Ball
1-0: Ground out 1-3 (Groundball, P)
Top of the 7th over - 1 run, 3 hits, 0 errors, 3 left on base; Florida State 2 - Boston College 9
BOTTOM OF THE 7TH
Boston College Eagles batting - Pitching for Florida State Seminoles : RHP Fernando Mata
Batting: RHB Steve Neal 0-0: Ball
1-0: Foul Ball, location: 2F
1-1: Foul Ball, location: 2F
1-2: DOUBLE (Flyball, 89XD)
Batting: SHB Walt Gómez 0-0: Called Strike
0-1: Called Strike
0-2: SINGLE (Flyball, 7LS)
Steve Neal to third
Runner from 3rd tries for Home, SAFE, no throw
Pitching: RHP Will Lewis
Batting: RHB Fernando Rosales 0-0: Called Strike
0-1: Ball
1-1: Swinging Strike
1-2: Ground out 4-3 (Groundball, 4S)
Walt Gómez to second
Batting: SHB Héctor Arteago 0-0: Ball
1-0: Fly out, F8 (Flyball, 8LD)
Runner from 2nd tags up, SAFE at 3rd with throw
Batting: RHB Shawn Hanner 0-0: Ball
1-0: Ball
2-0: Ball
3-0: Base on Balls
Batting: RHB Chris West 0-0: Ball
1-0: Foul Ball, location: 2F
1-1: Foul Ball, location: 2F
1-2: SINGLE (Line Drive, 34D)
Walt Gómez scores
Shawn Hanner to second
Batting: RHB Johnny Robertson 0-0: Ball
1-0: Foul Ball, location: 2F
1-1: Foul Ball, location: 2F
1-2: Fly out, F4 (Flyball, 4MD)
Bottom of the 7th over - 2 runs, 3 hits, 0 errors, 2 left on base; Florida State 2 - Boston College 11
TOP OF THE 8TH
Florida State Seminoles batting - Pitching for Boston College Eagles : RHP David Hesketh
Now in CF: John Clement
Batting: RHB Harry Ray 0-0: Foul Ball, location: 2F
0-1: Foul Ball, location: 2F
0-2: Fly out, F8 (Flyball, 8RD)
Batting: RHB Gil Olson 0-0: Called Strike
0-1: Ball
1-1: Ball
2-1: Swinging Strike
2-2: Fly out, F9 (Line Drive, 89M)
Batting: LHB Milton MacEwen 0-0: Called Strike
0-1: Ball
1-1: Swinging Strike
1-2: SINGLE (Groundball, 4MD)
Pitching: RHP Nick Brooks
Batting: LHB Jeff Stevens 0-0: Called Strike
0-1: Ball
1-1: Foul Ball, location: 2F
1-2: Foul Ball, location: 2F
1-2: Ball
2-2: Foul Ball, location: 2F
2-2: Foul Ball, location: 2F
2-2: Ground out 4-3 (Groundball, 34)
Top of the 8th over - 0 runs, 1 hit, 0 errors, 1 left on base; Florida State 2 - Boston College 11
BOTTOM OF THE 8TH
Boston College Eagles batting - Pitching for Florida State Seminoles : RHP Will Lewis
Batting: LHB Porter Butler 0-0: Called Strike
0-1: Ball
1-1: Called Strike
1-2: Ball
2-2: Fly out, F4 (Popup, 4M)
Batting: SHB Marvin MacGeoch 0-0: SINGLE (Groundball, 34D)
Batting: RHB Steve Neal 0-0: Ball
1-0: Fly out, F7 (Flyball, 7LMF)
Batting: SHB Walt Gómez 0-0: Ball
1-0: Called Strike
1-1: Swinging Strike
1-2: Ball
2-2: Foul Ball, location: 2F
2-2: Foul Ball, location: 2F
2-2: Ball
3-2: Foul Ball, location: 2F
3-2: Foul Ball, location: 2F
3-2: Foul Ball, location: 2F
3-2: Strikes out swinging
Bottom of the 8th over - 0 runs, 1 hit, 0 errors, 1 left on base; Florida State 2 - Boston College 11
TOP OF THE 9TH
Florida State Seminoles batting - Pitching for Boston College Eagles : RHP Nick Brooks
Now at C: Doug Becker
Batting: LHB Millard Myers 0-0: Ball
1-0: Foul Ball, location: 2F
1-1: Ball
2-1: Ground out 3-1 (Groundball, 34)
Batting: LHB Connor Moss 0-0: Ball
1-0: Called Strike
1-1: Ball
2-1: Ball
3-1: Called Strike
3-2: Foul Ball, location: 2F
3-2: Fly out, F7 (Line Drive, 7)
Batting: RHB Bill Rice 0-0: Ball
1-0: Swinging Strike
1-1: Fly out, F8 (Flyball, 8RM)
Top of the 9th over - 0 runs, 0 hits, 0 errors, 0 left on base; Florida State 2 - Boston College 11
Saturday, April 7th, 2018 - OOTP Baseball 18.8 Build 76